 Dungeon Crawl Stone Soup version 0.29.1-1-gd02db6906a (webtiles) character file.

Game seed: 1058275613702617697

23 brightshaft the Ducker (level 3, 28/28 HPs)
             Began as a Djinni Gladiator on Sept 26, 2022.
             Got out of the dungeon alive.
             The game lasted 00:02:03 (1287 turns).

brightshaft the Ducker (Djinni Gladiator)           Turns: 1287, Time: 00:02:04

Health: 28/28      AC:  4    Str: 15    XL:     3   Next: 12%
Gold:   91         EV: 12    Int:  9    God:
                   SH:  0    Dex: 14

rFire   + + .      SeeInvis .     - Unarmed
rCold   x . .      Faith    .   (no shield)
rNeg    . . .      Spirit   .   a - +0 leather armour
rPois   ∞          Reflect  .   b - +0 helmet
rElec   .          Harm     .   (no cloak)
rCorr   .          Rampage  .   (no gloves)
Will    .....                   (boots unavailable)
Stlth   +.........              (no amulet)
HPRegen 0.09/turn               (no ring)
MPRegen 0.00/turn               (no ring)

@: flying
A: sickness immunity, fire resistance 2, cold vulnerability 1, float, innate
caster, HP casting, extra vitality 1
a: no special abilities


You escaped.
You visited 1 branch of the dungeon, and saw 1 of its levels.

You collected 91 gold pieces.

Inventory:

Missiles
 c - 3 throwing nets (quivered)
 d - a javelin
Armour
 a - a +0 leather armour (worn)
 b - a +0 helmet (worn)
Scrolls
 h - a scroll of teleportation {unknown}
 j - 2 scrolls of identify {unknown}
 k - a scroll of enchant weapon {unknown}
 l - a scroll of immolation {unknown}
Potions
 e - a potion of heal wounds {unknown}
 f - a potion of brilliance {unknown}
 g - 2 potions of curing {unknown}
 i - a potion of mutation {unknown}


   Skills:
 + Level 2.3 Fighting
 - Level 1.5 Throwing
 + Level 0.9 Armour
 + Level 3.5 Dodging
 * Level 3.4 Unarmed Combat


You had one spell level left.
You knew the following spells:

 Your Spells              Type           Power      Damage    Failure   Level
a - Slow                  Hex            0%         N/A       45%         1
Your spell library was empty.

Dungeon Overview and Level Annotations

Branches:
Dungeon (1/15)

Altars:


Innate Abilities, Weirdness & Mutations

You are immune to sickness and miasma.
You are immune to poison.
Your flesh is very heat resistant. (rF++)
You are vulnerable to cold. (rC-)
You float through the air rather than walking.
You learn spells naturally, not from books.
Your magical power is your life essence.
You have superior vitality. (+4 MHP)


Message History

Spell assigned to 'a'.
You hit the jackal.
You kill the jackal!
The jackal barely misses you.
You barely miss the jackal.
The jackal bites you but does no damage.
You miss the jackal. The jackal closely misses you.
You closely miss the jackal. The jackal barely misses you.
You hit the jackal but do no damage. The jackal bites you.
The jackal bites you but does no damage.
You hit the jackal.
The jackal is moderately wounded.
The jackal bites you but does no damage.
You hit the jackal but do no damage.
The jackal is moderately wounded.
The jackal closely misses you.
You hit the jackal.
You kill the jackal!
No target in view!
No target in view!
No target in view!
l - a scroll labelled EHOKECANAIH
Items here: ( )) ††.
Found a stone staircase leading down.
No target in view!
No target in view!
No target in view!
No target in view!
Found 7 stones.
You now have 91 gold pieces (gained 5).
There is an open door here.
There is a staircase leading out of the dungeon here.
You reach down and open the door.
There is an open door here.
Done exploring.
Done exploring.
There is an open door here.
There is a staircase leading out of the dungeon here.
Are you sure you want to leave the Dungeon?
This will make you lose the game!
You have escaped!

##.# #.####......... ##.# #.#
#...#....## ##.# #.# #...#....#
##.# ####.###...#....# ##.##
#.........##....# #...#
#'##.........#### #...#
#.###.######.# #...#
###.###.######.# #...#
#..@..#........# ##.##
#########.################
##.#####.+.............'.#.......
##.#.....####.#####.####.........
##.#[###.####.#####.####)#.......
##.#.# #...+.........'...######.#
##...###########.######..#......#
####...####...(.......##.#.......
...###...#######.#######.#......#


There were no monsters in sight!

Vanquished Creatures
  2 bats (D:1)
  2 giant cockroaches (D:1)
  2 goblins (D:1)
  2 hobgoblins (D:1)
  2 jackals (D:1)
  3 quokkas (D:1)
  3 ball pythons (D:1)
  A frilled lizard (D:1)
  3 kobolds (D:1)
20 creatures vanquished.

Notes
Turn   | Place    | Note
-------+----------+-------------------------------------------
     0 | D:1      | brightshaft the Djinni Gladiator began the quest for the
                  | Orb.
     0 | D:1      | Reached XP level 1. HP: 18/18 MP: 0/0
   219 | D:1      | Reached XP level 2. HP: 21/23 MP: 0/0
   736 | D:1      | Found a faded altar of an unknown god.
   990 | D:1      | Reached XP level 3. HP: 16/28 MP: 0/0
   990 | D:1      | Learned a level 1 spell: Slow
  1287 | D:$      | Got out of the dungeon alive.

Illustrated notes

Levels and vault maps discovered:
D:1:      shiori_shiawase, layout_basic, ebering_ecumenical_altar_mist

Action                   || total
-------------------------++-------
Melee: Unarmed           ||    94
       Punch             ||     2
Armor: Leather armour    ||    43
Dodge: Dodged            ||    73
